 Dungeon Crawl Stone Soup version 0.20-a0-201-g851c6fa (webtiles) character file.

346 patrickswayze the Covert (level 6, -1/36 HPs)
             Began as a Deep Elf Chaos Knight on Nov 25, 2016.
             Slain by murphy's ghost (11 damage)
             ... on level 4 of the Dungeon.
             The game lasted 00:04:13 (3458 turns).

patrickswayze the Covert (Deep Elf Chaos Knight)    Turns: 3458, Time: 00:04:13

Health: -1/36      AC:  5    Str: 11    XL:     6   Next: 32%
Magic:  8/8        EV: 12    Int: 17    God:    Xom [......]
Gold:   194        SH:  0    Dex: 16    Spells: 5/5 levels left

rFire  . . .     SeeInvis .     a - +0 short sword (chaos)
rCold  + . .     Gourm    .     b - +2 leather armour
rNeg   . . .     Faith    .     (no shield)
rPois  .         Spirit   .     (no helmet)
rElec  .         Reflect  .     (no cloak)
rCorr  .         Harm     .     (no gloves)
MR     .....                    (no boots)
Stlth  ++++......               (no amulet)
                                (no ring)
                                (no ring)

@: exhausted, very slightly contaminated, hasted and slowed
A: cold resistance 1, strong 1, evolution 1
a: Renounce Religion


You were on level 4 of the Dungeon.
You worshipped Xom.
You were a very special plaything of Xom.
You were not hungry.

You visited 1 branch of the dungeon, and saw 4 of its levels.

You collected 194 gold pieces.


Innate Abilities, Weirdness & Mutations

Your flesh is cold resistant. (rC+)
Your muscles are strong. (Str +2)
You evolve.


   Skills:
 - Level 2.4 Fighting
 + Level 3.2 Short Blades
 - Level 0.7 Armour
 - Level 2.4 Dodging
 - Level 8.2 Stealth


You had 5 spell levels left.
You didn't know any spells.

Inventory:

Hand Weapons
 a - a +0 short sword of chaos (weapon)
Missiles
 i - 187 stones (quivered)
Armour
 b - a +2 leather armour (worn)
Jewellery
 m - an uncursed ring of fire
Scrolls
 d - a scroll of amnesia {unknown}
 e - 3 scrolls of recharging {unknown}
 l - a scroll of magic mapping {unknown}
 n - a scroll of fear {unknown}
 o - a scroll of immolation {unknown}
 r - 2 scrolls of remove curse
 u - a scroll of identify {unknown}
 x - a scroll of teleportation {unknown}
Potions
 f - a potion of might {unknown}
 g - a potion of brilliance {unknown}
 h - 2 potions of curing
 j - a potion of lignification {unknown}
 k - 2 potions of magic
 p - a potion of invisibility {unknown}
 q - a potion of haste
 s - a potion of flight
 w - a potion of berserk rage {!q}
Comestibles
 c - 6 bread rations
 v - a beef jerky


Message History

You puncture something! You burn something. Something hits you!
You barely miss something. The jackal bites you.
* * * LOW HITPOINT WARNING * * *
Natasha zaps a wand.
You resist with some effort.
It is a wand of polymorph (?/24) {zapped: 2}.
Something hits you but does no damage. The jackal barely misses you.
You puncture the jackal!
You kill the jackal!
You feel a strong urge to attack something.
Natasha howls an incantation.
You feel troubled.
You feel your anger subside.
You are no longer berserk.
You are exhausted.
You feel yourself slow down.
Natasha wildly gestures.
You feel disoriented.
There is a stone staircase leading up here.
Something hits you!
You die...

###....# ####..#
#.....##...#.#. ######
#..####.##......W.... ##
#######...........##.....#.
.#
#...)#......#......#####.#
.######.##.#.##.........##
.....##.##.#......#.#%)##
##.####.##.#.....[#.#..#
##.........#.....h.....####
.#.####.........@...........
...####.####..##.....#######
.#.............#######
.#####........## .#
#......)....# .#
####.##.#.### ## #.##.#.#
#.###### ##.########


You could see Natasha.

Vanquished Creatures
  An ogre (D:4)
  A scorpion (D:3)
  A howler monkey (D:4)
  2 orc wizards (D:3)
  Natasha (D:4)
  3 adders
  2 worms (D:2)
  A dart slug (D:2)
  9 orcs (D:3)
  7 bats
  A giant cockroach (D:3)
  4 goblins
  8 hobgoblins
  A jackal (D:4)
  7 kobolds
  3 quokkas
  A ball python (D:2)
  3 frilled lizards
  11 rats
67 creatures vanquished.

Notes
Turn   | Place    | Note
-------+----------+-------------------------------------------
     0 | D:1      | patrickswayze the Deep Elf Chaos Knight began the quest for the Orb.
     0 | D:1      | Reached XP level 1. HP: 13/13 MP: 3/3
   107 | D:1      | Reached skill level 1 in Stealth
   146 | D:1      | XOM: butterfly on damage
   350 | D:1      | Reached skill level 2 in Stealth
   387 | D:1      | XOM: harmless Divn miscast
   452 | D:1      | Reached XP level 2. HP: 18/18 MP: 4/4
   693 | D:1      | XOM: mild Divn miscast
   851 | D:2      | Reached skill level 3 in Stealth
   982 | D:2      | Reached XP level 3. HP: 19/22 MP: 5/5
  1023 | D:2      | XOM: harmless Tloc miscast
  1134 | D:2      | Found a glowing silver altar of Zin.
  1148 | D:2      | Reached skill level 4 in Stealth
  1789 | D:3      | Found a radiant altar of Vehumet.
  1799 | D:3      | Reached skill level 5 in Stealth
  1799 | D:3      | Reached XP level 4. HP: 19/27 MP: 6/6
  1962 | D:3      | XOM: harmless Erth miscast
  2031 | D:3      | Reached skill level 6 in Stealth
  2031 | D:3      | Reached XP level 5. HP: 10/31 MP: 7/7
  2034 | D:3      | HP: 6/31 [poisoned by a scorpion]
  2267 | D:3      | Found a shadowy altar of Dithmenos.
  2267 | D:3      | Found a white marble altar of Elyvilon.
  2295 | D:3      | XOM: divination: detect creatures
  2585 | D:3      | XOM: noise
  2746 | D:3      | XOM: confusion (+ monsters)
  2792 | D:3      | XOM: give mutations
  2792 | D:3      | Gained mutation: You evolve. [Xom's grace]
  2792 | D:3      | Gained mutation: Your flesh is cold resistant. (rC+) [Xom's grace]
  2794 | D:3      | XOM: harmless Necr miscast
  2808 | D:3      | Reached skill level 7 in Stealth
  3215 | D:4      | Noticed an ogre
  3220 | D:4      | Killed an ogre
  3220 | D:4      | Reached skill level 8 in Stealth
  3220 | D:4      | Reached XP level 6. HP: 22/36 MP: 8/8
  3303 | D:4      | Gained mutation: Your muscles are strong. (Str +2) [evolution]
  3416 | D:4      | Noticed Natasha
  3417 | D:4      | XOM: harmless Conj miscast
  3424 | D:4      | Noticed murphy's ghost (novice MiBe)
  3435 | D:4      | Killed Natasha
  3444 | D:4      | Noticed Natasha
  3458 | D:4      | Slain by murphy's ghost

Vault maps used:
D:1:      doesnt_arrival_goblin_jail, hex_large
D:2:      old_standard_altar, first_bread
D:3:      old_standard_altar, gammafunk_temple_overflow_elements
D:4:      uniq_natasha, uniq_crazy_yiuf_cottage

Action                   |  1- 3 |  4- 6 || total
-------------------------+-------+-------++-------
Melee: Short sword       |   122 |   122 ||   244
  Use: Potion            |     2 |     5 ||     7
       Scroll            |       |     1 ||     1
 Stab: Sleeping          |     3 |     5 ||     8
       Confused          |       |     2 ||     2
       Paralysed         |       |     1 ||     1
  Eat: Chunk             |     3 |     5 ||     8
Armor: Leather armour    |    38 |    19 ||    57
       Skin              |       |    30 ||    30
Dodge: Dodged            |    70 |    54 ||   124
